 Dungeon Crawl Stone Soup version 0.30.1-9-gdf580d7c3d (webtiles) character file.

Game seed: 4105668879105857609

49 lonewolfV2 the Shield-Bearer (level 4, 0/37 HPs)
             Began as a Formicid Fighter on Oct 11, 2023.
             Slain by a worm (6 damage)
             ... on level 2 of the Dungeon.
             The game lasted 00:00:56 (692 turns).

lonewolfV2 the Shield-Bearer (Formicid Fighter)      Turns: 692, Time: 00:00:56

Health: 0/37       AC:  7    Str: 21    XL:     4   Next: 1%
Magic:  13/13      EV:  9    Int:  7    God:
Gold:   61         SH:  6    Dex: 21    Spells: 3/3 levels left

rFire   . . .        a - +0 war axe
rCold   . . .        c - +0 buckler
rNeg    . . .        b - +0 scale mail
rPois   .            (helmet unavailable)
rElec   .            (no cloak)
rCorr   .            (no gloves)
SInv    +            (no boots)
Will    .....        (no amulet) Stlth
                     e - +6 ring of dexterity
HPRegen 0.26/turn    h - ring of magical power
MPRegen 0.13/turn

%: no passive effects
@: no status effects
A: permanent stasis, dig shafts and tunnels, antennae 3, four strong arms
a: Dig, Shaft Self


You were on level 2 of the Dungeon.
You visited 1 branch of the dungeon, and saw 2 of its levels.

You collected 61 gold pieces.

Inventory:

Hand Weapons
 a - a +0 war axe (weapon)
Armour
 b - a +0 scale mail (worn)
 c - a +0 buckler (worn)
Jewellery
 e - a +6 ring of dexterity (left hand)
 h - a ring of magical power (right hand)
Scrolls
 f - a scroll of identify {unknown}
 i - a scroll of enchant armour {unknown}
 k - a scroll of fear {unknown}
Potions
 d - a potion of might
 g - a potion of lignification {unknown}
 j - a potion of curing {unknown}
 l - a potion of attraction {unknown}
 m - a potion of magic {unknown}


   Skills:
 + Level 3.7 Fighting
 + Level 2.7 Axes
 + Level 3.8 Armour
 + Level 4.4 Shields


You had 3 spell levels left.
You didn't know any spells.
Your spell library was empty.

Dungeon Overview and Level Annotations

Branches:
Dungeon (2/15)

Altars:

Shops:
D:1 :


Innate Abilities, Weirdness & Mutations

You cannot be hasted, slowed, berserked, paralysed or teleported.
You can dig through walls and to a lower floor.
You have a pair of large antennae on your head. (SInv)
Your four strong arms can wield two-handed weapons with a shield.


Message History

The gnoll hits you with a +0 club. x2
* * * LOW HITPOINT WARNING * * *
Unknown command.
You barely miss the gnoll.
The gnoll is severely wounded.
You slash the gnoll!
You kill the gnoll!
The gnoll misses you. The gnoll hits you but does no damage.
You block the gnoll's attack. x2
You have reached level 3!
Your experience leads to an increase in your attributes!
Your base attributes are Str 20, Int 7, Dex 13.
Increase (S)trength, (I)ntelligence, or (D)exterity?
You feel agile. x2
You slash the gnoll!
You kill the gnoll!
You hit the gnoll but do no damage. The gnoll hits you but does no damage.
You block the gnoll's attack.
You closely miss the gnoll. You block the gnoll's attack. x2
You slash the gnoll!
The gnoll is severely wounded.
You block the gnoll's attack. The gnoll hits you with a +0 whip.
* * * LOW HITPOINT WARNING * * *
The gnoll hits you from afar with a +0 spear.
* * * LOW HITPOINT WARNING * * *
The gnoll barely misses you.
You slash the gnoll!
You kill the gnoll!
You block the gnoll's attack.
You have reached level 4!
You feel stronger.
You slash the worm!
The worm is heavily wounded.
The gnoll hits you from afar with a +0 spear.
* * * LOW HITPOINT WARNING * * *
The worm bites you but does no damage. The gnoll hits you but does no damage.
You hit the worm.
The worm is heavily wounded.
The worm bites you.
You die...

#... .# #... .#
#...#.#####
#......<..#
#.........#
#....g...# ..
#.)w.....##.#
#..@)....#..#
#..........#
#.........#
#..)......#
#.........#
#......##.........#
#......#####.#..#.#
###......# #.#..#.#
.........# #...##


You could see a worm and a gnoll.

Vanquished Creatures
  3 gnolls (D:2)
  A ball python (D:1)
  An endoplasm (D:1)
  A giant cockroach (D:1)
  A goblin (D:1)
  3 hobgoblins (D:1)
  2 kobolds
  3 bats
  2 frilled lizards (D:1)
  3 rats (D:1)
20 creatures vanquished.

Notes
Turn   | Place    | Note
-------+----------+-------------------------------------------
     0 | D:1      | lonewolfV2 the Formicid Fighter began the quest for the
                  | Orb.
     0 | D:1      | Reached XP level 1. HP: 18/18 MP: 1/1
   242 | D:1      | Reached XP level 2. HP: 24/24 MP: 2/2
   483 | D:1      | Found a faded altar of an unknown god.
   493 | D:1      | Found Maerakk's Vocational Training.
   687 | D:2      | Reached XP level 3. HP: 9/29 MP: 3/3
   691 | D:2      | Reached XP level 4. HP: 6/37 MP: 4/4
   692 | D:2      | Slain by a worm

Illustrated notes

Levels and vault maps discovered:
D:1:      co_arrival_square_in_a_square_in_a_square, layout_basic,
          shapermc_ecumenical_altar_mp_highgroup, nicolae_shop_vocational
D:2:      layout_basic

Action                     |  1- 3 |  4- 6 || total
---------------------------+-------+-------++-------
  Melee: War axe           |    40 |     2 ||    42
 Armour: Scale mail        |    21 |     2 ||    23
  Dodge: Dodged            |    40 |       ||    40
  Block: Buckler           |    14 |       ||    14
